Map: Odyssey LE

Players

IIIIIIIII

  • Race: Zerg Zerg
  • League: Diamond
  • Spawn Location: 5:00

Yata

  • Race: Zerg Zerg
  • League: Platinum
  • Spawn Location: 11:00

JaWa

  • Race: Zerg Zerg

Myhome

  • Race: Zerg Zerg
  • League: Diamond

VOD

Have the link to the VOD?

Description

Time

  • Played on: Sept. 27, 2017, 12:27 a.m.
  • Length: 9:10
Show
View Real Time Build Order
Export as new Build Order

IIIIIIIII Zerg 

Build Orders: Pool First 

Get SALT Encoding   

  12  0:00  Drone  
  13  0:12  Overlord  
  13  0:20  Drone  
  14  0:31  Drone x2  
  14  0:34  Drone  
  17  0:51  Extractor  
  17  0:52  Spawning Pool  
  17  0:55  Drone  
  16  1:20  Hatchery  
  16  1:22  Drone  
  16  1:27  Drone  
  17  1:38  Evolution Chamber  
  17  1:39  Zergling x2  
  17  1:42  Zergling x2  
  18  1:48  Zergling x2  
  19  1:57  Metabolic Boost  
  19  2:00  Drone  
  20  2:10  Drone  
  21  2:21  Extractor, Queen  
  23  2:23  Overlord  
  23  2:36  Queen  
  25  2:37  Drone x2  
  25  2:42  Drone  
  28  2:44  Zergling x2  
  28  2:51  Zergling x2  
  27  3:05  Drone  
  27  3:06  Drone x2  
  30  3:13  Zergling x2  
  30  3:19  Roach Warren  
  30  3:21  Evolution Chamber  
  30  3:26  Zergling x6  
  32  3:35  Drone x3  
  32  3:39  Overlord  
  35  3:55  Drone  
  35  3:56  Overlord  
  35  4:00  Zerg Missile Weapons Level 1  
  35  4:01  Drone x2  
  35  4:02  Drone x3  
  40  4:07  Drone  
  40  4:08  Drone  
  42  4:10  Drone  
  43  4:27  Drone x2  
  43  4:33  Hatchery  
  43  4:35  Drone x3  
  44  4:40  Lair  
  44  4:44  Extractor  
  42  4:48  Drone x2  
  42  4:51  Drone x2  
  42  4:52  Drone  
  47  4:54  Extractor  
  47  4:55  Roach  
  47  4:59  Roach  
  49  5:03  Roach  
  49  5:05  Overlord  
  51  5:07  Overlord  
  51  5:09  Overlord  
  51  5:22  Queen  
  53  5:29  Roach x2  
  53  5:30  Roach x3  
  53  5:35  Roach  
  65  5:46  Glial Reconstitution  
  65  5:47  Roach  
  65  5:48  Roach x2  
  65  5:49  Roach  
  73  5:53  Roach  
  75  5:57  Queen  
  77  6:05  Zergling x2  
  77  6:06  Zergling x8  
  77  6:08  Overlord  
  82  6:14  Overlord  
  82  6:15  Overlord  
  82  6:18  Zerg Missile Weapons Level 2  
  82  6:21  Overlord  
  82  6:27  Zergling x2  
  82  6:31  Roach x3  
  89  6:33  Roach x2  
  89  6:34  Roach  
  92  6:44  Roach x4  
  100  6:55  Roach x3  
  100  6:56  Roach x2  
  112  7:01  Roach  
  112  7:07  Roach  
  112  7:08  Overlord x2  
  114  7:15  Extractor, Drone  
  114  7:25  Overlord  
  114  7:26  Overlord  
  114  7:29  Roach x4  
  124  7:30  Roach  
  121  7:39  Roach x4  
  121  7:41  Drone  
  130  7:45  Drone x2  
  130  7:46  Drone  
  133  7:53  Roach x2  
  133  7:55  Roach  
  139  8:03  Roach x3  
  145  8:13  Spire  
  145  8:16  Drone  
  145  8:17  Extractor, Drone  
  145  8:18  Extractor  
  145  8:19  Roach  
  146  8:31  Overlord x2  
  146  8:32  Overlord  
  146  8:45  Overlord x3  
  146  8:50  Drone  
  129  8:58  Ravager  
  129  8:59  Ravager  
  129  9:02  Ravager x2  
  124  9:03  Ravager  
Show
View Real Time Build Order
Export as new Build Order

Yata Zerg 

Build Orders: Hatch First 

Get SALT Encoding   

  12  0:01  Drone  
  13  0:09  Drone  
  14  0:17  Overlord  
  14  0:37  Drone x2  
  14  0:38  Drone  
  17  0:58  Hatchery  
  17  1:01  Drone  
  17  1:02  Drone  
  18  1:15  Extractor  
  17  1:27  Spawning Pool  
  17  1:30  Drone x2  
  18  1:56  Drone x2  
  18  1:57  Drone  
  21  2:17  Queen  
  21  2:18  Queen  
  21  2:19  Zergling x2  
  21  2:20  Zergling x4  
  28  2:32  Metabolic Boost  
  28  2:35  Overlord  
  26  2:52  Zergling x4  
  27  3:02  Drone  
  27  3:04  Drone x5  
  33  3:21  Baneling Nest  
  33  3:22  Drone x2  
  33  3:23  Evolution Chamber  
  33  3:28  Overlord  
  33  3:42  Drone x3  
  36  3:58  Drone x6  
  42  4:09  Zergling x4  
  44  4:17  Zerg Melee Weapons Level 1  
  44  4:19  Baneling x2  
  44  4:25  Extractor, Drone  
  44  4:27  Drone  
  44  4:28  Drone  
  44  4:29  Overlord x4  
  40  4:47  Zergling x14  
  47  4:56  Drone  
  48  5:06  Zergling x6  
  51  5:17  Overlord x3  
  51  5:23  Baneling x4  
  51  5:28  Baneling  
  51  5:29  Baneling  
  51  5:44  Baneling x2  
  51  5:45  Zergling x2  
  51  5:46  Zergling x16  
  57  6:04  Overlord x2  
  56  6:11  Zerg Ground Armor Level 1  
  56  6:13  Queen  
  60  6:21  Lair  
  60  6:22  Zergling x2  
  60  6:23  Zergling x18  
  67  6:28  Baneling x2  
  67  6:29  Baneling x3  
  66  6:39  Zergling x4  
  66  6:50  Zergling x14  
  73  6:55  Baneling x2  
  73  6:56  Baneling x6  
  73  6:58  Queen  
  75  7:27  Zergling x4  
  75  7:28  Zergling x10  
  75  7:29  Zergling x2  
  83  7:55  Zergling x6  
  83  7:56  Zergling x10  
  83  7:57  Zergling x4  
  88  8:24  Zergling x20  
  88  8:26  Hatchery  
  95  8:36  Zergling x4  
  90  8:53  Zergling x2  
Show
View Real Time Build Order
Export as new Build Order

JaWa Zerg 

Build Orders:  

Get SALT Encoding   

Show
View Real Time Build Order
Export as new Build Order

Myhome Zerg 

Build Orders:  

Get SALT Encoding   

Tags
 
Add a new tag
Caveats
  • Supply blocks, unpowered buildings, or Contaminate may cause inaccurate times.
  • Supply counts are checked every 10 seconds.